 Dungeon Crawl Stone Soup version 0.30-a0-860-g512cf1e979 (webtiles) character file.

Game seed: 6633023080249942143

99 Zenkrye the Poker (level 5, -1/41 HPs)
             Began as a Human Cinder Acolyte on Mar 7, 2023.
             Was a High Priest of Ignis.
             Killed from afar by an orc wizard (3 damage)
             ... with a puff of flame
             ... on level 3 of the Dungeon.
             The game lasted 00:05:09 (1668 turns).

Zenkrye the Poker (Human Cinder Acolyte)            Turns: 1668, Time: 00:05:10

Health: -1/41      AC:  5    Str: 16    XL:     5   Next: 2%
Magic:  8/8        EV:  9    Int: 15    God:    Ignis [*****.]
Gold:   120        SH:  2    Dex:  8    Spells: 7/9 levels left

rFire   + . .      SeeInvis .    j - +0 trident (elec)
rCold   . . .      Faith    .    f - +0 buckler
rNeg    . . .      Spirit   .    e - +0 ring mail
rPois   .          Reflect  .    (no helmet)
rElec   .          Rampage  .    (no cloak)
rCorr   .                        (no gloves)
Will    .....                    (no boots) Stlth
                                 h - amulet of magic regeneration
HPRegen 0.26/turn                (no ring)
MPRegen 0.51/turn                (no ring)

@: on berserk cooldown, slowed, very slow
A: no striking features
a: Renounce Religion, Fiery Armour, Foxfire Swarm, Rising Flame


You were on level 3 of the Dungeon.
You worshipped Ignis.
Ignis was extremely pleased with you.
You visited 1 branch of the dungeon, and saw 3 of its levels.

You collected 120 gold pieces.

Inventory:

Hand Weapons
 a - a -1 spear of flaming
 j - a +0 trident of electrocution (weapon)
Missiles
 g - 3 boomerangs (quivered)
 i - 4 poisoned darts
 k - 2 atropa-tipped darts
Armour
 b - a +0 robe
 e - a +0 ring mail (worn)
 f - a +0 buckler (worn)
Jewellery
 h - an amulet of magic regeneration (around neck)
Scrolls
 c - a scroll of immolation
Potions
 d - a potion of brilliance


   Skills:
 - Level 3.0 Fighting
 * Level 4.5 Polearms
 + Level 2.5 Spellcasting
 - Level 3.0 Fire Magic


You had 7 spell levels left.
You knew the following spells:

 Your Spells              Type           Power      Damage    Failure   Level
a - Scorch                Fire           20%        2d6       26%         2

Your spell library contained the following spells:

 Spells                   Type           Power      Damage    Failure   Level
 Apportation              Tloc           2%         N/A       50%         1
 Beastly Appendage        Tmut           2%         N/A       50%         1
 Necrotise                Necr           4%         1d4       50%         1
 Summon Small Mammal      Summ           4%         N/A       50%         1
 Wereblood                Tmut           1%         N/A       65%         2
 Spider Form              Tmut/Pois      1%         N/A       86%         3


Dungeon Overview and Level Annotations

Branches:
Dungeon (3/15)

Altars:

Annotations:
D:3 3 runed translucent doors, cforsyth's ghost, amateur DESu


Message History

You barely miss the hobgoblin. The hobgoblin barely misses you.
You puncture the hobgoblin!
Lightning courses through the hobgoblin!!
You kill the hobgoblin!
You closely miss something. You puncture something!
Something hits you but does no damage.
You barely miss something.
An orc comes into view. It is wielding a +0 mace.
Something hits you.
* * * LOW HITPOINT WARNING * * *
You miss something. Something hits you.
* * * LOW HITPOINT WARNING * * *
You miss something. Something hits you but does no damage.
You barely miss something. You barely miss something.
You hear some strange, mumbled words.
A magic dart appears from out of thin air!
The magic dart hits you!
* * * LOW HITPOINT WARNING * * *
You hit something. Something hits you but does no damage.
You barely miss something.
You are no longer berserk.
You are exhausted.
You feel yourself slow down. Something hits you but does no damage.
You miss something. Something completely misses you.
You barely miss something. Something hits you but does no damage.
You block something's attack.
You barely miss something. Something hits you but does no damage.
You hear some strange, mumbled words.
A magic dart appears from out of thin air!
The magic dart hits you.
* * * LOW HITPOINT WARNING * * *
You closely miss something. Something hits you but does no damage.
You miss something.
Something hits you but does no damage. x2
You miss something.
You hear some strange, mumbled words.
A puff of flame appears from out of thin air!
The puff of flame hits you. You resist.
You die...

#.# #.# #.# #
### #.# #.# #.#
#.# #.# #.#
##.###.#
#......#
##.###.####
#.........#
#@####.####
#{######
#o).###..
#...'.....
......).#.###...
......###.# .
#.###. ## #


You could see an orc.

Vanquished Creatures
  5 adders
  6 orcs (D:3)
  A ball python (D:1)
  3 bats
  6 endoplasms
  3 giant cockroaches
  7 goblins
  5 hobgoblins
  2 kobolds
  A quokka (D:1)
  3 frilled lizards
  3 rats (D:1)
45 creatures vanquished.

Notes
Turn   | Place    | Note
-------+----------+-------------------------------------------
     0 | D:1      | Zenkrye the Human Cinder Acolyte began the quest for the
                  | Orb.
     0 | D:1      | Reached XP level 1. HP: 18/18 MP: 2/2
   127 | D:1      | Reached XP level 2. HP: 22/24 MP: 3/3
   147 | D:1      | Learned a level 2 spell: Scorch
   543 | D:2      | Reached XP level 3. HP: 29/29 MP: 5/5
   787 | D:2      | Reached skill level 4 in Polearms
   787 | D:2      | Reached XP level 4. HP: 15/35 MP: 3/7
  1299 | D:3      | Found a runed translucent gate.
  1300 | D:3      | Found a runed translucent gate.
  1300 | D:3      | Noticed cforsyth's ghost (amateur DESu)
  1301 | D:3      | Found a runed translucent gate.
  1652 | D:3      | Reached XP level 5. HP: 13/41 MP: 8/8
  1660 | D:3      | HP: 2/61 [something/magic dart (8)]
  1665 | D:3      | HP: 1/41 [something/magic dart (2)]
  1668 | D:3      | Killed from afar by an orc wizard

Illustrated notes

Levels and vault maps discovered:
D:1:      lemuel_arrival_muddy, layout_rooms, minmay_distorted
D:2:      layout_loops_ring
D:3:      minmay_recursive_quarters, layout_loops_ring,
          minmay_overflow_temple_star_quad, biasface_ghost_orc_armoury

Skill      XL: |  1  2  3 |
---------------+----------+-----
Spellcasting   | 2 |  2.5
Polearms       | 4 |  4.5
Fighting       | |  3.0
Fire Magic     | |  3.0

Action                     |  1- 3 |  4- 6 || total
---------------------------+-------+-------++-------
  Melee: Spear             |    50 |       ||    50
         Trident           |    73 |    70 ||   143
  Throw: Boomerang         |       |     3 ||     3
   Cast: Scorch            |     1 |       ||     1
    Use: Scroll            |     4 |     2 ||     6
         Potion            |       |     1 ||     1
 Armour: Ring mail         |    55 |    18 ||    73
  Dodge: Dodged            |    45 |    20 ||    65
  Block: Buckler           |     8 |     2 ||    10

Table legend: (Time is in decaauts)
 A = Elapsed time spent in this place.
 B = Non-inter-level travel time spent in this place.
 C = Inter-level travel time spent in this place.
 D = Time resting spent in this place.
 E = Time spent auto-exploring this place.
 F = Levels seen in this place.
 G = Mean time per level.
                   A        B        C        D        E       F      G
               +--------+--------+--------+--------+--------+-----+--------+
         Total |   1683 |   1634 |     49 |    127 |   1089 |   3 |  561.0 |
       Dungeon |   1683 |   1634 |     49 |    127 |   1089 |   3 |  561.0 |
               +--------+--------+--------+--------+--------+-----+--------+

Top non-repeatable levels by time:
     D:2: 778 daAuts
     D:1: 484 daAuts
     D:3: 420 daAuts
